 Dungeon Crawl Stone Soup version 0.17-a0-1115-g0372368 (webtiles) character file.

5376 RobertPalmer the Cruncher (level 10, -7/67 HPs)
             Began as a Mummy Gladiator on May 22, 2015.
             Was an Initiate of Gozag.
             Mangled by Snorg (10 damage)
             ... on level 10 of the Dungeon.
             The game lasted 00:23:32 (11064 turns).

RobertPalmer the Cruncher (Mummy Gladiator)        Turns: 11064, Time: 00:23:32

Health: -7/67      AC: 11    Str: 24    XL:     10   Next: 39%
Magic:  10/10      EV: 19    Int: 15    God:    Gozag
Gold:   606        SH:  0    Dex: 24    Spells: 0 memorised, 9 levels left

rFire  . . .     SeeInvis .     a - +1 quarterstaff
rCold  + . .     Clarity  .     g - +2 robe {rF+}
rNeg   + + +     SustAt   .     (no shield)
rPois  ∞         Gourm    .     c - +1 helmet
rElec  .         Spirit   .     i - +2 cloak
rCorr  .         Warding  .     (no gloves)
rMut   .         Stasis   .     p - +1 pair of boots {Stlth+}
MR     +....                    q - amulet of faith {Faith, !P}
Stlth  +++.......               (no ring)
                                k - +6 ring of dexterity

@: mighty, brilliant, agile, flying, very slightly contaminated, hasted, very
quick, somewhat resistant to hostile enchantments, fairly stealthy
A: no food or potions, fire vulnerability, cold resistance 1, negative energy
resistance 3, torment resistance, unbreathing
a: Potion Petition, Call Merchant, Bribe Branch, Renounce Religion


You were on level 10 of the Dungeon.
You worshipped Gozag.
Gozag was noncommittal.
You were not hungry.

You visited 2 branches of the dungeon, and saw 11 of its levels.
You also visited: Ossuary.

You collected 1356 gold pieces.
You paid 750 gold pieces to Gozag.

Inventory:

Hand weapons
 a - a +1 quarterstaff (weapon)
Armour
 b - the +1 robe of the Komtur {rN+ MR+ Str-2 Dex+3}
   (You found it on level 8 of the Dungeon)

   It affects your strength (-2).
   It affects your dexterity (+3).
   It protects you from negative energy.
   It affects your resistance to hostile enchantments.
 c - a +1 helmet (worn)
 e - the +2 chain mail "Qycrofac" {Dex+4}
   (You found it on level 5 of the Dungeon)

   It affects your dexterity (+4).
 g - a +2 robe of fire resistance (worn)
   (You took it off Sigmund on level 2 of the Dungeon)
 i - a +2 cloak (worn)
   (You found it on level 2 of the Dungeon)
 p - a +1 pair of boots of stealth (worn)
   (You acquired it on level 6 of the Dungeon)
Jewellery
 k - a +6 ring of dexterity (left hand)
   (You found it on level 9 of the Dungeon)
 q - an amulet of faith (around neck) {Faith, !P}
   (You found it on level 9 of the Dungeon)
Magical devices
 r - a wand of random effects (36)
   (You found it on level 10 of the Dungeon)
 s - a wand of cold (0)
   (You found it on level 10 of the Dungeon)
Scrolls
 f - 2 scrolls of teleportation
 h - 2 scrolls of identify
 l - a scroll of fog
 m - 3 scrolls of remove curse
 n - 2 scrolls of enchant armour
 o - a scroll of amnesia
Books
 j - an Akashic Record {highlevel, unknown}
   (You found it on level 2 of the Dungeon)


   Skills:
 - Level 2.0 Fighting
 + Level 12.9 Staves
 - Level 1.5 Throwing
 - Level 2.4 Dodging


You had 9 spell levels left.
You didn't know any spells.

Dungeon Overview and Level Annotations

Branches:
Dungeon (10/15)            Temple (1/1) D:5            Lair (0/8) D:10
    Orc (0/4) D:10

Altars:
Ashenzari
Cheibriados
Dithmenos
Elyvilon
Fedhas
Gozag
Kikubaaqudgha
Nemelex Xobeh
Okawaru
Qazlal
Ru
Trog
Vehumet
Xom
Yredelemnul
The Shining One

Shops:
D:9 (   D:10 ?

Annotations:
D:10 Snorg


Innate Abilities, Weirdness & Mutations

You do not eat or drink.
Your flesh is vulnerable to fire.
You are immune to poison.
Your flesh is cold resistant.
You are immune to negative energy.
You are immune to unholy pain and torment.
You can survive without breathing.


Message History

The orc looks slightly unstable.
Evoking this partially-identified wand wasted a few charges.
The orc completely misses you.
The orc is blasted.
You blow up the orc!
Evoking this partially-identified wand wasted a few charges.
You hear a shout!
The adder zombie is distracted by the nearby gold.
You see here 8 gold pieces.
You barely miss the adder zombie.
The adder zombie is no longer distracted by gold.
The adder zombie closely misses you.
You hit the adder zombie.
The adder zombie bites you but does no damage.
You barely miss the adder zombie. The adder zombie closely misses you.
You closely miss the adder zombie. The adder zombie closely misses you.
You hit the adder zombie. You completely miss the adder zombie.
The adder zombie bites you but does no damage.
The bolt of cold hits the adder zombie.
The adder zombie resists.
The bolt of cold misses the orc warrior.
The bolt of cold misses the orc.
Evoking this partially-identified wand wasted a few charges.
The adder zombie completely misses you.
Health restored: 67 The bolt of cold misses the adder zombie.
The bolt of cold misses the orc warrior.
The bolt of cold misses the rat.
The bolt of cold hits the orc.
You kill the orc!
Evoking this partially-identified wand wasted a few charges.
The adder zombie bites you but does no damage.
Snorg the Insatiable comes into view.
Read which item? (? for menu, Esc to quit)
As you read the scroll of teleportation, it crumbles to dust.
You feel strangely unstable.
Snorg shouts!
The adder zombie closely misses you.
The adder zombie is distracted by the nearby gold.
Your surroundings suddenly seem different.
Unknown command.
The kobold shouts!
The kobold throws a stone.
The stone barely misses you.
You see here a stone.
You hit the kobold.
You kill the kobold!
No target in view!
You now have 1281 gold pieces (gained 5).
You see here a dagger.
Aim: Snorg You throw a throwing net {=f, !d}.
The throwing net {=f, !d} barely misses Snorg.
Aim: Snorg You throw a throwing net {=f, !d}.
The throwing net {=f, !d} closely misses Snorg.
Snorg bites you. Snorg claws you! Snorg claws you but does no damage.
You take 12 damage, and have 55/67 hp. [a] - 360 gold - resistance, might and agility [b] - 675 gold - might, agility, brilliance, haste and flight [c] - 552 gold - resistance, might and haste Purchase which effect?
You no longer have enough gold to fund merchants seeking to open stores in the dungeon.
You feel very mighty all of a sudden.
You feel agile all of a sudden.
You feel clever all of a sudden.
You feel yourself speed up.
You feel very buoyant.
You fly up into the air.
Snorg closely misses you. Snorg barely misses you. Snorg closely misses you.
You are very lightly contaminated with residual magic.
You barely miss Snorg. You barely miss Snorg.
Snorg goes berserk!
You completely miss Snorg. You barely miss Snorg. Snorg barely misses you.
Snorg completely misses you. Snorg claws you.
You take 1 damage, and have 54/67 hp.
You hit Snorg. Snorg misses you. Snorg closely misses you.
Snorg completely misses you.
You sock Snorg! You sock Snorg! Snorg barely misses you. Snorg claws you.
Snorg claws you!
You take 18 damage, and have 36/67 hp.
MASSIVE DAMAGE!!
You sock Snorg! Snorg closely misses you. Snorg claws you but does no damage.
Snorg completely misses you.
You thump Snorg! Snorg barely misses you. Snorg misses you.
Snorg claws you but does no damage.
You sock Snorg! You sock Snorg! Snorg misses you.
Snorg claws you but does no damage. Snorg claws you!
You take 8 damage, and have 29/67 hp.
You hit Snorg. Snorg completely misses you. Snorg claws you!
* * * LOW HITPOINT WARNING * * *
Snorg misses you.
You take 12 damage, and have 17/67 hp.
Unknown command.
You sock Snorg! You sock Snorg! Snorg bites you!
* * * LOW HITPOINT WARNING * * *
Snorg misses you. Snorg claws you!
You die...
Your body crumbles into a pile of gold.

####### # .....#
.#######.#.#############
(.......(.....T@........
..#.###.#...#############
..#...#.#.### ..###.#.#.#
#.#.....#.#
....#...#.####################.#
....#.#......................#.#
....#.#.#.##################.#.#
....#.#'#.###### #.#.#


You could see Snorg (berserk).

Vanquished Creatures
  A blink frog (D:9)
  Sigmund (D:2)
  A deep elf mage (D:10)
  2 hungry ghosts
  A hippogriff (D:8)
  3 sky beasts
  A water moccasin (D:7)
  A black bear (D:7)
  2 necrophages (D:8)
  A wasp (D:8)
  5 ogres
  3 centaurs
  2 giant frogs
  A big kobold (D:8)
  2 scorpions
  23 killer bees
  4 crimson imps
  2 orc priests (D:4)
  5 hounds
  A centaur skeleton (D:8)
  A jelly (D:5)
  3 orc wizards
  9 worker ants
  2 iguanas
  A killer bee zombie (D:8)
  2 mummies (Ossuary)
  A hound zombie (Ossuary)
  10 adders
  2 shadow imps
  3 adder skeletons
  2 worms (D:2)
  9 giant geckos
  14 orcs
  13 bats
  7 giant cockroaches
  13 goblins
  20 hobgoblins
  4 jackals (D:6)
  4 quokkas
  4 giant newts
  2 gnoll zombies (D:2)
  2 hobgoblin zombies (Ossuary)
  A jackal zombie (Ossuary)
  25 kobolds
  A quokka skeleton (D:6)
  15 rats
232 creatures vanquished.

Vanquished Creatures (collateral kills)
  Pikel (D:6)
  Grinder (D:3)
  A dancing weapon (Ossuary)
  An ice beast (D:4)
  An ogre (D:4)
  Blork the orc (D:5)
  Ijyb (D:3)
  An orc priest (D:5)
  2 orc wizards
  Terence (D:3)
  2 mummies (Ossuary)
  A worm (D:3)
  3 orcs (D:4)
  A giant cockroach (D:3)
  A hobgoblin (D:3)
  A quokka (D:3)
  2 bats (D:3)
  A giant newt (D:3)
  A goblin zombie (Ossuary)
  2 hobgoblin zombies (Ossuary)
  A kobold zombie (Ossuary)
  2 orc zombies (Ossuary)
  2 rat zombies (Ossuary)
31 creatures vanquished.

Vanquished Creatures (others)
  An ice beast (D:5)
  A crimson imp (D:7)
  A jelly (D:7)
  An adder zombie (D:7)
4 creatures vanquished.

Grand Total: 267 creatures vanquished

Notes
Turn   | Place    | Note
--------------------------------------------------------------
     0 | D:1      | RobertPalmer the Mummy Gladiator began the quest for the Orb.
     0 | D:1      | Reached XP level 1. HP: 16/16 MP: 1/1
   355 | D:1      | Reached XP level 2. HP: 22/22 MP: 2/2
   371 | D:1      | HP: 5/22 [adder (3)]
   372 | D:1      | Reached skill level 3 in Staves
   789 | D:1      | Reached XP level 3. HP: 25/27 MP: 3/3
  1360 | D:2      | Reached skill level 4 in Staves
  1595 | D:2      | Noticed Sigmund
  1620 | D:2      | Killed Sigmund
  1620 | D:2      | Reached skill level 5 in Staves
  1620 | D:2      | Reached XP level 4. HP: 33/33 MP: 4/4
  1620 | D:2      | Reached XP level 5. HP: 38/38 MP: 5/5
  1662 | D:2      | Found a glowing golden altar of the Shining One.
  1855 | D:2      | Found a basalt altar of Yredelemnul.
  1883 | D:2      | Found a stormy altar of Qazlal.
  2065 | D:2      | Found a sparkling altar of Nemelex Xobeh.
  2269 | D:3      | Noticed Ijyb
  2278 | D:3      | Killed Ijyb
  2395 | D:3      | Found an iron altar of Okawaru.
  2395 | D:3      | Found a bloodstained altar of Trog.
  2426 | D:3      | Noticed Terence
  2430 | D:3      | Killed Terence
  2430 | D:3      | Reached XP level 6. HP: 41/44 MP: 6/6
  2585 | D:3      | Found a sacrificial altar of Ru.
  2795 | D:3      | Noticed Grinder
  2803 | D:3      | Killed Grinder
  2803 | D:3      | Reached skill level 6 in Staves
  2973 | D:4      | Found a shimmering altar of Xom.
  3017 | D:4      | Found a sand-covered staircase.
  3026 | Ossuary  | Entered an ossuary
  3539 | D:4      | Reached XP level 7. HP: 18/50 MP: 7/7
  3574 | D:4      | Reached skill level 7 in Staves
  4529 | D:5      | Entered Level 5 of the Dungeon
  4561 | D:5      | Got a slimy chain mail
  4562 | D:5      | Identified the +2 chain mail "Qycrofac" {Dex+4} (You found it on level 5 of the Dungeon)
  4563 | D:5      | Found a shattered altar of Ashenzari.
  5033 | D:5      | Found a staircase to the Ecumenical Temple.
  5034 | D:5      | Noticed Blork the orc
  5049 | D:5      | Killed Blork the orc
  5049 | D:5      | Reached skill level 8 in Staves
  5070 | Temple   | Entered the Ecumenical Temple
  5080 | Temple   | Became a worshipper of Gozag Ym Sagoz the Greedy
  5175 | D:5      | Found a sparkling altar of Nemelex Xobeh.
  5621 | D:6      | Reached XP level 8. HP: 50/56 MP: 8/8
  5700 | D:6      | Found a blossoming altar of Fedhas.
  5702 | D:6      | Found an ancient bone altar of Kikubaaqudgha.
  5964 | D:6      | Identified a scroll of acquirement
  6592 | D:7      | Reached skill level 9 in Staves
  6611 | D:7      | Noticed Pikel
  6636 | D:6      | XOM: harmless Conj miscast
  6640 | D:6      | Killed Pikel
  7120 | D:7      | Reached skill level 10 in Staves
  7304 | D:7      | Reached XP level 9. HP: 41/61 MP: 9/9
  8402 | D:8      | Reached skill level 11 in Staves
  8419 | D:8      | Got a shimmering leather armour
  8420 | D:8      | Identified the +3 leather armour of Grottiness {-Cast Str+2 Stlth+} (You found it on level 8 of the Dungeon)
  8915 | D:8      | Got a fine robe
  9493 | D:9      | Identified the +1 robe of the Komtur {rN+ MR+ Str-2 Dex+3} (You found it on level 8 of the Dungeon)
  9521 | D:9      | Found a shadowy altar of Dithmenos.
  9597 | D:9      | Found Warodooh's Antique Weapon Shoppe.
  9885 | D:9      | Reached skill level 12 in Staves
  9966 | D:9      | HP: 15/61 [killer bee (5)]
  9971 | D:9      | Reached XP level 10. HP: 16/67 MP: 10/10
 10683 | D:10     | Entered Level 10 of the Dungeon
 10717 | D:10     | Found a staircase to the Orcish Mines.
 10853 | D:10     | Found Wumolur's Magic Scroll Boutique.
 10883 | D:10     | Found a shadowy altar of Dithmenos.
 10934 | D:10     | Found a staircase to the Lair.
 11001 | D:10     | Noticed Snorg
 11064 | D:10     | HP: 3/67 [Snorg (14)]
 11064 | D:10     | Mangled by Snorg

Vault maps used:
D:1:      minmay_arrival_cross
D:2:      lemuel_zombie_altar_yredelemnul, nemelex_deck, minitemple,
          minmay_three_crescents, uniq_sigmund
D:3:      gammafunk_temple_overflow_wave, nicolae_ru_great_annihilating_truth,
          uniq_grinder, uniq_terence, uniq_iyjb
D:4:      kennysheep_mini, nicolae_ossuary_entry_ruins
D:5:      ashenzari_conservatory_becter, minmay_temple_entry_glass, basic_altar,
          first_bread, uniq_blork_the_orc
D:6:      grunt_temple_overflow_growth_and_decay, serial_glass, glass_columns_a,
          glass_columns_a, item_on_display_a, due_unseen_surprise,
          kennysheep_generic_room_16
D:7:      uniq_pikel
D:9:      lemuel_coloured_pillars_altar, serial_shops, nicolae_shop_crystal,
          david_nohive_1
D:10:     lair_0_dummy, orc_0_dummy, serial_shops, shop,
          eino_small_chamber_without_monster, minmay_misc_feat_more_columns,
          grunt_dithmenos_shadows, uniq_snorg
Temple:   nicolae_temple_great_sept
Ossuary:  ossuary_minmay_tomb_2a

Action                   |  1- 3 |  4- 6 |  7- 9 | 10-12 || total
-------------------------+-------+-------+-------+-------++-------
Melee: Quarterstaff      |   129 |   141 |   636 |   208 ||  1114
Throw: Throwing net      |     2 |       |     2 |     2 ||     6
Invok: Potion Petition   |       |       |     1 |     1 ||     2
Evoke: Deck              |       |     8 |     8 |       ||    16
       Wand              |       |       |     2 |    10 ||    12
  Use: Scroll            |       |     8 |    16 |     3 ||    27
 Stab: Held in net/web   |     3 |       |       |       ||     3
       Paralysed         |       |     1 |       |       ||     1
       Distracted        |       |       |     4 |     1 ||     5
       Sleeping          |       |       |     4 |     3 ||     7
       Invisible         |       |       |    13 |       ||    13

Vault maps used:
D:1:      minmay_arrival_cross
D:2:      lemuel_zombie_altar_yredelemnul, nemelex_deck, minitemple,
          minmay_three_crescents, uniq_sigmund
D:3:      gammafunk_temple_overflow_wave, nicolae_ru_great_annihilating_truth,
          uniq_grinder, uniq_terence, uniq_iyjb
D:4:      kennysheep_mini, nicolae_ossuary_entry_ruins
D:5:      ashenzari_conservatory_becter, minmay_temple_entry_glass, basic_altar,
          first_bread, uniq_blork_the_orc
D:6:      grunt_temple_overflow_growth_and_decay, serial_glass, glass_columns_a,
          glass_columns_a, item_on_display_a, due_unseen_surprise,
          kennysheep_generic_room_16
D:7:      uniq_pikel
D:9:      lemuel_coloured_pillars_altar, serial_shops, nicolae_shop_crystal,
          david_nohive_1
D:10:     lair_0_dummy, orc_0_dummy, serial_shops, shop,
          eino_small_chamber_without_monster, minmay_misc_feat_more_columns,
          grunt_dithmenos_shadows, uniq_snorg
Temple:   nicolae_temple_great_sept
Ossuary:  ossuary_minmay_tomb_2a

Table legend:
 A = Turns spent in this place as a percentage of turns spent in the entire game.
 B = Non-inter-level travel turns spent in this place as a percentage of non-inter-level travel turns spent in the entire game.
 C = Inter-level travel turns spent in this place as a percentage of turns spent in this place.
 D = Turns resting spent in this place as a percentage of non-inter-level travel turns spent in this place.
 E = Turns spent auto-exploring this place as a percentage of non-inter-level travel turns spent in this place.
 F = Non-inter-level travel turns spent in this place divided by the number of levels of this place that you've seen.
                   A       B       C       D       E      F
               +-------+-------+-------+-------+-------+----------------------
         Total | 100.0 | 100.0 |   0.4 |   1.9 |   6.7 | 305.8
       Dungeon |  93.6 |  93.6 |   0.4 |   2.0 |   7.1 | 343.5
        Temple |   0.6 |   0.6 |   0.0 |   0.0 |   0.0 |  23.0
       Ossuary |   5.7 |   5.8 |   0.0 |   1.4 |   0.0 | 211.0
               +-------+-------+-------+-------+-------+----------------------

Table legend:
 A = Kills in this place as a percentage of kills in entire the game.
 B = Kills by you in this place as a percentage of kills by you in the entire game.
 C = Kills by friends in this place as a percentage of kills by friends in the entire game.
 D = Other kills in this place as a percentage of other kills in the entire game.
 E = Experience gained in this place as a percentage of experience gained in the entire game.
 F = Experience gained in this place divided by the number of levels of this place that you have seen.
                   A       B       C       D       E      F
               +-------+-------+-------+-------+-------+----------------------
         Total | 100.0 | 100.0 | 100.0 |  -nan | 100.0 | 640.0
       Dungeon |  93.9 |  97.4 |  66.7 |  -nan |  99.0 | 760.1
       Ossuary |   6.1 |   2.6 |  33.3 |  -nan |   1.0 |  79.0
               +-------+-------+-------+-------+-------+----------------------
